 Dungeon Crawl Stone Soup version 0.32-a0-290-g598725c5f2 (webtiles) character file.

Game seed: 10212470798203228224

749 porpoise the Vexing (level 7, -1/37 HPs)
             Began as a Deep Elf Hexslinger on Feb 14, 2024.
             Slain by Pikel
             ... wielding a +2 whip of electrocution
              (4 damage)
             ... on level 5 of the Dungeon.
             The game lasted 00:11:50 (3425 turns).

porpoise the Vexing (Deep Elf Hexslinger)           Turns: 3425, Time: 00:11:52

Health: -1/37      AC:  3    Str:  5    XL:     7   Next: 48%
Magic:  13/13      EV: 13    Int: 20    God:
Gold:   178        SH:  0    Dex: 17    Spells: 3/12 levels left

rFire   + . .        a - +1 sling
rCold   . . .        (no shield)
rNeg    . . .        c - +0 robe
rPois   .            (no helmet)
rElec   .            (no cloak)
rCorr   .            r - +0 pair of gloves
SInv    .            (no boots)
Will    .....        (no amulet)
Stlth   +++          p - ring of protection from fire
HPRegen 0.26/turn    (no ring)
MPRegen 0.13/turn

%: no passive effects
@: no status effects
A: no striking features
a: no special abilities


You were on level 5 of the Dungeon.
You visited 1 branch of the dungeon, and saw 5 of its levels.

You collected 178 gold pieces.

Inventory:

Hand Weapons
 a - a +1 sling (weapon)
Missiles
 n - 2 curare-tipped darts (quivered)
 o - 5 poisoned darts
 v - 4 atropa-tipped darts
 A - 6 datura-tipped darts
Armour
 c - a +0 robe (worn)
 r - a +0 pair of gloves (worn)
Jewellery
 f - a ring of magical power
 m - an amulet of faith
 p - a ring of protection from fire (left hand)
Scrolls
 b - a scroll of poison
 d - a scroll of revelation
 l - a scroll of noise {unknown}
 q - a scroll of fog {unknown}
 s - a scroll of enchant weapon {unknown}
 w - a scroll of acquirement {unknown}
 y - a scroll of brand weapon {unknown}
 z - a scroll of teleportation {unknown}
Potions
 e - a potion of lignification {unknown}
 g - 2 potions of heal wounds
 h - 2 potions of curing {unknown}
 i - a potion of invisibility {unknown}
 j - a potion of brilliance {unknown}
 k - a potion of enlightenment {unknown}
 t - a potion of haste {unknown}
 u - a potion of cancellation {unknown}
 x - a potion of ambrosia {unknown}


   Skills:
 - Level 0.7 Fighting
 + Level 6.9 Ranged Weapons
 - Level 2.4 Dodging
 + Level 5.3 Stealth
 - Level 3.0 Spellcasting
 + Level 7.5 Hexes
 - Level 1.1 Fire Magic


You had 3 spell levels left.
You knew the following spells:

 Your Spells              Type           Power      Damage    Failure   Level
a - Jinxbite              Hex            66%        N/A       1%          2
f - Cause Fear            Hex            16%        N/A       6%          4
t - Tukima's Dance        Hex            33%        N/A       1%          3

Your spell library contained the following spells:

 Spells                   Type           Power      Damage    Failure   Level
 Sigil of Binding         Hex            33%        N/A       1%          3
 Inner Flame              Hex/Fire       20%        N/A       8%          3
 Apportation              Tloc           6%         N/A       14%         1
 Blink                    Tloc           6%         N/A       22%         2
 Lesser Beckoning         Tloc           6%         N/A       22%         2
 Momentum Strike          Conj/Tloc      6%         3d8       22%         2
 Dimensional Bullseye     Hex/Tloc       9%         N/A       30%         4
 Iskenderun's Mystic Bla  Conj/Tloc      3%         2d3       80%         4
 Alistair's Intoxication  Alch           2%         N/A       98%         5


Dungeon Overview and Level Annotations

Branches:
Dungeon (5/15)
 Temple: D:4-7

Altars:

Shops:
D:5 (

Annotations:
D:4 2 transporters, Gangsterbeez's ghost, amateur MiFi
D:5 Pikel


Message History

The phantom is heavily damaged.
The phantom hits you but does no damage.
You shoot a sling bullet.
The sling bullet hits the phantom but does no damage.
The phantom is heavily damaged.
The phantom barely misses you.
You shoot a sling bullet. The sling bullet hits the phantom!
The phantom is severely damaged.
The phantom hits you.
You shoot a sling bullet. The lemure shouts!
The sling bullet hits the phantom!
You destroy the phantom!
You hear a shout!
The orc completely misses you.
You shoot a sling bullet. The sling bullet hits the orc!
You kill the orc!
The lemure hits you!
Pikel says, "Hell isn't that bad."
You shoot a sling bullet.
The sling bullet barely misses the lemure.
The sling bullet hits Pikel but does no damage.
The lemure barely misses you.
You shoot a sling bullet.
The sling bullet hits Pikel but does no damage.
The lemure closely misses you. Pikel closely misses you.
You shoot a sling bullet.
The sling bullet hits Pikel but does no damage.
The lemure completely misses you.
Pikel hits you with a +2 whip of electrocution.
You are electrocuted!
* * * LOW HITPOINT WARNING * * *
You are too injured to fight recklessly!
You shoot a sling bullet. The sling bullet hits Pikel.
Pikel is lightly wounded.
The lemure hits you.
* * * LOW HITPOINT WARNING * * *
Pikel hits you with a +2 whip of electrocution.
You die...
Pikel says, "Another soul for the market."

.. .##. ###
....⌠ #...
#......∩ #...##
#.....⌠
.....##......
#........###
#..@....... ..
##K5.....#..##
.##55..........
.......<#...
........# ..
#.......# .
........#
.#...#....
#...#....


You could see Pikel and 3 lemures.

Vanquished Creatures
  2 ogres
  A phantom (D:5)
  A bombardier beetle (D:4)
  An iguana (D:4)
  2 orc wizards
  4 gnolls (D:4)
  An adder (D:4)
  2 ufetubi (D:5)
  2 dart slugs
  11 orcs
  4 ball pythons
  4 bats
  12 endoplasms
  2 giant cockroaches (D:3)
  12 goblins
  9 hobgoblins
  4 jackals
  4 quokkas
  9 frilled lizards
  5 kobolds
  6 rats
98 creatures vanquished.

Vanquished Creatures (collateral kills)
  Sigmund (D:4)
  An orc (D:4)
  A hobgoblin (D:4)
3 creatures vanquished.

Vanquished Creatures (others)
  2 dancing weapons
2 creatures vanquished.

Grand Total: 103 creatures vanquished

Notes
Turn   | Place    | Note
-------+----------+-------------------------------------------
     0 | D:1      | porpoise the Deep Elf Hexslinger began the quest for the
                  | Orb.
     0 | D:1      | Reached XP level 1. HP: 11/11 MP: 5/5
    73 | D:1      | Reached XP level 2. HP: 16/16 MP: 7/7
    79 | D:1      | Learned a level 2 spell: Jinxbite
   157 | D:1      | Reached XP level 3. HP: 19/20 MP: 8/8
   515 | D:1      | Reached skill level 5 in Hexes
   658 | D:2      | Reached XP level 4. HP: 24/24 MP: 7/10
  1429 | D:3      | Reached skill level 1 in Stealth
  1526 | D:3      | Learned a level 4 spell: Cause Fear
  1565 | D:3      | Learned a level 3 spell: Tukima's Dance
  1767 | D:3      | Reached XP level 5. HP: 28/28 MP: 11/11
  2506 | D:4      | Reached skill level 5 in Ranged Weapons
  2585 | D:4      | Found a transporter.
  2637 | D:4      | Noticed Gangsterbeez's ghost (amateur MiFi)
  2694 | D:4      | Reached skill level 6 in Hexes
  2777 | D:4      | Noticed Sigmund
  2789 | D:4      | Killed Sigmund
  2790 | D:4      | Reached XP level 6. HP: 32/33 MP: 9/12
  3004 | D:4      | Found a transporter.
  3044 | D:4      | Reached skill level 7 in Hexes
  3044 | D:4      | Reached XP level 7. HP: 37/37 MP: 13/13
  3164 | D:5      | Entered Level 5 of the Dungeon
  3268 | D:5      | Noticed Pikel
  3279 | D:5      | Reached skill level 5 in Stealth
  3410 | D:5      | Found Miasimub's Antique Weapon Shop.
  3425 | D:5      | Slain by Pikel

Illustrated notes

Levels and vault maps discovered:
D:1:      dpeg_arrival_lava_temple_mockup, layout_basic,
          minmay_tree_intersection, glass_columns_b, minmay_lizard_pond
D:2:      layout_loops_corners
D:3:      layout_basic, minmay_goblin_outpost
D:4:      layout_basic, gammafunk_ghost_gnarly_gnolls, uniq_sigmund
D:5:      layout_cave_pools, mainiacjoe_overflow_catwalk, serial_shops,
          shop_fountains, kennysheep_generic_room_3, uniq_pikel

Skill      XL: |  1  2  3  4  5  6  7 |
---------------+----------------------+-----
Ranged Weapons | 3 4 5 6 |  6.9
Spellcasting   | 2 3 |  3.0
Hexes          | 5 6 7 |  7.5
Stealth        | 1 3 4 5 |  5.3
Fighting       | |  0.7
Dodging        | |  2.4
Fire Magic     | |  1.1

Action                     |  1- 3 |  4- 6 |  7- 9 || total
---------------------------+-------+-------+-------++-------
   Fire: Sling             |    95 |   174 |    51 ||   320
  Throw: Dart              |       |     4 |     1 ||     5
   Cast: Jinxbite          |     1 |       |       ||     1
         Tukima's Dance    |       |     5 |       ||     5
         Cause Fear        |       |       |     1 ||     1
    Use: Scroll            |       |     4 |       ||     4
 Armour: Robe              |    11 |    38 |    33 ||    82
  Dodge: Dodged            |    15 |    65 |    35 ||   115

Table legend: (Time is in decaauts)
 A = Elapsed time spent in this place.
 B = Non-inter-level travel time spent in this place.
 C = Inter-level travel time spent in this place.
 D = Time resting spent in this place.
 E = Time spent auto-exploring this place.
 F = Levels seen in this place.
 G = Mean time per level.
                   A        B        C        D        E       F      G
               +--------+--------+--------+--------+--------+-----+--------+
         Total |   3478 |   3383 |     95 |    472 |   2299 |   5 |  695.6 |
       Dungeon |   3478 |   3383 |     95 |    472 |   2299 |   5 |  695.6 |
               +--------+--------+--------+--------+--------+-----+--------+

Top non-repeatable levels by time:
     D:3: 979 daAuts
     D:4: 917 daAuts
     D:2: 819 daAuts
     D:1: 615 daAuts
     D:5: 148 daAuts
